 Dungeon Crawl Stone Soup version 0.28-a0-851-g8b9cc49659 (webtiles) character file.

Game seed: 13034583228562458723

222 siradein the Skirmisher (level 5, 0/33 HPs)
             Began as a Gargoyle Fighter on Nov 15, 2021.
             Slain by an iron imp (7 damage)
             ... summoned by Eustachio
             ... on level 4 of the Dungeon.
             The game lasted 00:06:42 (3665 turns).

siradein the Skirmisher (Gargoyle Fighter)          Turns: 3665, Time: 00:06:43

Health: 0/33       AC:  9    Str: 20    XL:     5   Next: 99%
Magic:  5/5        EV: 11    Int:  8    God:
Gold:   112        SH:  4    Dex: 10    Spells: 4/4 levels left

rFire   . . .      SeeInvis .   a - +0 long sword
rCold   + . .      Faith    .   c - +0 buckler
rNeg    + . .      Spirit   .   n - +2 leather armour {rC+}
rPois   ∞          Reflect  .   (no helmet)
rElec   +          Harm     .   (no cloak)
rCorr   .          Rampage  .   (no gloves)
Will    .....                   (no boots)
Stlth   +.........              o - amulet of the acrobat
HPRegen 0.11/turn               (no ring)
MPRegen 0.09/turn               (no ring)

@: no status effects
A: sickness immunity, AC +4, negative energy resistance 1, electricity
resistance, torment resistance 1, petrification resistance
a: no special abilities


You were on level 4 of the Dungeon.
You visited 1 branch of the dungeon, and saw 4 of its levels.

You collected 112 gold pieces.

Inventory:

Hand Weapons
 a - a +0 long sword (weapon)
Missiles
 g - 54 stones (quivered)
 s - 3 boomerangs
 u - 4 poisoned darts
 v - 4 curare-tipped darts
Armour
 c - a +0 buckler (worn)
 n - a +2 leather armour of cold resistance (worn)
Jewellery
 h - a +6 ring of intelligence
 o - an amulet of the acrobat (around neck)
Scrolls
 e - 2 scrolls of magic mapping {unknown}
 f - a scroll of teleportation {unknown}
 i - a scroll of fog {unknown}
 j - a scroll of immolation {unknown}
 k - 2 scrolls of fear {unknown}
 l - 2 scrolls of identify {unknown}
 m - a scroll of enchant weapon {unknown}
 t - a scroll of vulnerability {unknown}
 x - a scroll of summoning {unknown}
Potions
 b - a potion of degeneration {unknown}
 d - a potion of might
 p - a potion of lignification {unknown}
 q - 2 potions of haste {unknown}
 r - a potion of attraction {unknown}
 w - 2 potions of invisibility {unknown}


   Skills:
 + Level 4.3 Fighting
 + Level 2.8 Long Blades
 + Level 0.0 Throwing
 + Level 4.3 Armour
 + Level 1.7 Dodging
 + Level 4.2 Shields


You had 4 spell levels left.
You didn't know any spells.
Your spell library contained the following spells:

 Spells                   Type           Power      Damage    Failure   Level
 Animate Skeleton         Necr           0%         N/A       45%         1
 Beastly Appendage        Tmut           0%         N/A       45%         1
 Foxfire                  Conj/Fire      0%         2x1d4     45%         1
 Pain                     Necr           0%         1d4       45%         1
 Wereblood                Tmut           0%         N/A       58%         2
 Conjure Flame            Conj/Fire      0%         6-21      83%         3
 Gell's Gravitas          Tloc           0%         N/A       83%         3
 Inner Flame              Hex/Fire       0%         N/A       83%         3
 Spider Form              Tmut/Pois      0%         N/A       83%         3
 Teleport Other           Tloc           0%         N/A       83%         3
 Vampiric Draining        Necr           0%         2d6       83%         3
 Flame Wave               Conj/Fire      0%         3d3       99%         4
 Dispersal                Tloc           0%         N/A       100%        6


Dungeon Overview and Level Annotations

Branches:
Dungeon (4/15)
 Temple: D:4-7

Altars:
Fedhas
Makhleb

Shops:
D:2 ?

Annotations:
D:3 3 runed translucent doors, siradein's ghost, amateur GnTm; sojurn's ghost, amateur HuWr; tinescath's ghost, amateur TeAE
D:4 Eustachio


Innate Abilities, Weirdness & Mutations

You are immune to sickness and miasma.
Your stone body is resilient. (AC +4)
You are immune to poison.
You resist negative energy. (rN+)
You are resistant to electric shocks. (rElec)
You are resistant to unholy torment.
You are immune to petrification.


Message History

You kill the rat!
The rat's corpse disappears in a puff of smoke!
The orc hits you but does no damage.
Eustachio brags, "I can call spirits from the vasty deep."
Eustachio mumbles some strange words.
You barely miss the iron imp.
The ufetubus disappears in a puff of smoke!
The orc hits you but does no damage. The white imp completely misses you.
The iron imp barely misses you.
You barely miss the white imp. The orc closely misses you.
The white imp hits you but does no damage.
The orc hits you with a +0 war axe. The iron imp closely misses you.
You hit the white imp but do no damage. You block the white imp's attack.
The orc barely misses you. The iron imp barely misses you.
You slash the white imp!
The white imp is almost dead.
The white imp completely misses you. The orc completely misses you.
Eustachio screams, "Hey, you killed my favourite bat!"
The white imp barely misses you. The iron imp misses you.
You hit the white imp.
You kill the white imp!
The white imp disappears in a puff of smoke!
You block the orc's attack. The iron imp hits you. You block the orc's attack.
You hit Eustachio.
Eustachio is moderately wounded.
Eustachio hits you with a +0 rapier.
* * * LOW HITPOINT WARNING * * *
You block the orc's attack.
The iron imp hits you but does no damage.
Eustachio mumbles some strange words.
You slash Eustachio!
Eustachio is heavily wounded.
The orc barely misses you. You block Eustachio's attack.
The iron imp closely misses you.
You hit Eustachio but do no damage.
Eustachio is heavily wounded.
The orc barely misses you.
Eustachio gestures wildly while chanting.
Eustachio blinks!
The iron imp hits you!
You die...

.......#
.##.##....[
###o##### # #.)...
#.......# #.....
#.......# #.....
#......@#
##+##.....
#....5..#
#........#
#.......#
#.#...###†.#
#.......###########
#.#..S......
#..........ooroo@5#
#.#.........
#.......#########5#
#.#.........
#.......# #.#
#.#.........
#.......# #5#
#.#.........
#.......# #.#
#.#...####.#
#########
#.####..........#
#.@..÷...........
#################


You could see Eustachio, an iron imp (summoned), a quasit (summoned), a shadow
imp (summoned), 4 orcs and a rat (summoned).

Vanquished Creatures
  A water moccasin (D:4)
  Terence (D:2)
  3 adders
  A worm (D:2)
  2 dart slugs
  3 orcs
  7 ball pythons
  5 endoplasms
  3 giant cockroaches
  2 goblins
  6 hobgoblins
  2 jackals (D:4)
  A quokka (D:3)
  3 bats
  4 frilled lizards
  6 kobolds
  4 rats
54 creatures vanquished.

Vanquished Creatures (others)
  A withered plant (D:3)
1 creature vanquished.

Grand Total: 55 creatures vanquished

Notes
Turn   | Place    | Note
-------+----------+-------------------------------------------
     0 | D:1      | siradein the Gargoyle Fighter began the quest for the Orb.
     0 | D:1      | Reached XP level 1. HP: 14/14 MP: 1/1
   283 | D:1      | Found a faded altar of an unknown god.
   386 | D:1      | Reached XP level 2. HP: 19/19 MP: 2/2
  1202 | D:2      | Found Baov's Magic Scroll Shoppe.
  1221 | D:2      | Reached XP level 3. HP: 21/23 MP: 3/3
  1760 | D:2      | Noticed Terence
  1855 | D:2      | Killed Terence
  1856 | D:2      | Reached skill level 1 in Dodging
  1856 | D:2      | Reached XP level 4. HP: 9/29 MP: 4/4
  2780 | D:3      | Found a burning altar of Makhleb.
  2781 | D:3      | Found a blossoming altar of Fedhas.
  2934 | D:3      | Found a runed translucent gate.
  2935 | D:3      | Found a runed translucent gate.
  2935 | D:3      | Found a runed translucent gate.
  2936 | D:3      | Noticed tinescath's ghost (amateur TeAE)
  2936 | D:3      | Noticed siradein's ghost (amateur GnTm)
  2936 | D:3      | Noticed sojurn's ghost (amateur HuWr)
  3181 | D:4      | Noticed a scorpion
  3211 | D:4      | Noticed a water moccasin
  3222 | D:4      | Killed a water moccasin
  3223 | D:4      | Reached XP level 5. HP: 4/33 MP: 5/5
  3616 | D:4      | Noticed Eustachio
  3665 | D:4      | Slain by an iron imp

Illustrated notes

Levels and vault maps discovered:
D:1:      mainiacjoe_arrival_reflecting_pool, layout_basic,
          chequers_ecumenical_altar_simple
D:2:      layout_basic, serial_shops, nicolae_shop_statue_plus,
          hangedman_decor_growths, minmay_misc_feat_pillars, uniq_terence
D:3:      layout_rooms, mainiacjoe_overflow_divided_tiny,
          gammafunk_ghost_cemetery, minmay_tree_intersection, minivault_27,
          serial_park_tiny_1, minivault_19
D:4:      layout_basic, uniq_eustachio

Skill      XL: |  1  2  3  4 |
---------------+-------------+-----
Long Blades    | 2 |  2.8
Dodging        | 1 |  1.7
Fighting       | 4 |  4.3
Armour         | 4 |  4.3
Shields        | 4 |  4.2

Action                   |  1- 3 |  4- 6 || total
-------------------------+-------+-------++-------
Melee: Long sword        |   105 |   109 ||   214
Throw: Stone             |       |     6 ||     6
       Boomerang         |       |     2 ||     2
Armor: Scale mail        |    66 |       ||    66
       Leather armour    |       |    37 ||    37
Dodge: Dodged            |    41 |    86 ||   127
Block: Buckler           |    24 |    26 ||    50

Table legend: (Time is in decaauts)
 A = Elapsed time spent in this place.
 B = Non-inter-level travel time spent in this place.
 C = Inter-level travel time spent in this place.
 D = Time resting spent in this place.
 E = Time spent auto-exploring this place.
 F = Levels seen in this place.
 G = Mean time per level.
                   A        B        C        D        E       F      G
               +--------+--------+--------+--------+--------+-----+--------+
         Total |   3728 |   3628 |    100 |     15 |   2981 |   4 |  932.0 |
       Dungeon |   3728 |   3628 |    100 |     15 |   2981 |   4 |  932.0 |
               +--------+--------+--------+--------+--------+-----+--------+

Top non-repeatable levels by time:
     D:1: 1219 daAuts
     D:2: 1176 daAuts
     D:3: 813 daAuts
     D:4: 518 daAuts
